Sergio, chaotic male elven Wizard ---------- |........| #.......... ###-.------+- # ### ### # # # 0######### # # # -----# ----|-.- |...|# |......| |.@.|# |.....<|## |(/)|# |.......## |f..r#* |......|## |.!@-h |......-# ----- |?.....| -------- Sergio the Evoker Experience level: 1 Strength: 9 Dexterity: 14 Constitution: 13 Intelligence: 20 Wisdom: 11 Charisma: 9 Health: 0(11) Energy: 9(9) AC: 8 Gold: 379 Moves: 2111 Your Inventory: Coins $ - 379 gold pieces Weapons a - a blessed +1 quarterstaff q - an uncursed [+0] crude dagger [orcish] (weapon in hand) z - an [uncursed +0] sling Armor b - an uncursed +0 cloak of magic resistance (being worn) v - an [uncursed] +0 pair of jumping boots (being worn) Comestibles s - an [uncursed] lichen corpse Scrolls i - a blessed scroll of create monster j - an uncursed scroll of identify k - an uncursed scroll of confuse monster o - an uncursed scroll labeled VERR YED HORRE [of flood] p - an uncursed scroll labeled PRIRUTSENIE [of magic mapping] r - an [uncursed] scroll labeled TEMOV [of teleportation] Spellbooks l - a blessed spellbook of force bolt m - an uncursed spellbook of confuse monster t - an [uncursed] spellbook of knock w - an [uncursed] ochre spellbook [of magic missile] Potions f - an uncursed potion of water g - an uncursed potion of gain ability h - an uncursed potion of extra healing x - a [blessed] potion of oil y - an [uncursed] dark potion [of hallucination] Rings d - an uncursed ring of stealth e - an uncursed ring of teleportation Wands c - an uncursed wand of opening (0:5) Tools n - an uncursed bell Spells known in the end: Name Level Category Fail Memory a - force bolt 1 attack 0% [||||||||] b - confuse monster 2 enchantment 0% [||||||||] c - knock 1 matter 0% [||||||||] Your skills at the end: Fighting Skills Weapon Skills quarterstaff [Basic / Expert] Spellcasting Skills attack spells [Basic / Expert] enchantment spells [Basic / Skilled] Final Attributes: You were devoutly aligned. Hunger level was 45. Your alignment was 17 / 20. Monster difficulty range was 0 - 2. Level difficulty was 4. You were magic-protected. You saw invisible. You had infravision. You could jump. Your luck was zero. You are dead. Vanquished creatures: a small mimic 3 giant rats 2 geckos 12 jackals 2 foxes 2 goblins a sewer rat 5 grid bugs 3 lichens a kobold zombie 5 newts 37 creatures vanquished. Voluntary challenges: You used a wielded weapon 15 times. You read items or engraved 95 times. You put on armor 2 times. You never genocided any monsters. You never polymorphed an object. You never changed form. You used no wishes. You wrote Elbereth's name 66 times. You never encountered a bones level. You never used any Sokoban shortcuts. Dungeon overview: The Dungeons of Doom: levels 1 to 4 Level 1 a long staircase Level 2 (Vault) an altar, a fountain Level 3 some fountains Level 4 <- You were here a general store History has recorded: On T:1 you entered the Dungeons of Doom to retrieve the Amulet of Yendor! On T:253 you reached level 2 of The Dungeons of Doom. On T:273 you reached level 3 of The Dungeons of Doom. On T:1568 you reached level 4 of The Dungeons of Doom. Latest messages: You miss the rock mole. (2x) The rock mole bites! [HP-5=6] You miss the rock mole. (4x) The rock mole bites! [HP-5=1] "Hello, Sergio! Welcome again to Kabalebo's general store!" [HP+1=2] You write "Elbereth" with your fingers into the dust. You add "Elbereth" with your fingers to the writing in the dust. (3x) Wizard needs food, badly! You add "Elbereth" with your fingers to the writing in the dust. The large cat drops a scroll of identify. You add "Elbereth" with your fingers to the writing in the dust. You see here a scroll of identify (26 zorkmids). The large cat picks up a short wand. You write "Elbereth" with your fingers into the dust. You add "Elbereth" with your fingers to the writing in the dust. The large cat drops a short wand. You add "Elbereth" with your fingers to the writing in the dust. The dwarf throws a dagger! The dagger misses the rock mole. You are hit by a dagger. You die... Kabalebo gratefully inherits all your possessions. Final status: Goodbye Sergio the Wizard... You died in The Dungeons of Doom on dungeon level 4 with 548 points, and 379 pieces of gold, after 2111 moves. You were level 1 with a maximum of 11 hit points when you died.